 Dungeon Crawl Stone Soup version 0.31-a0-632-g766dd24fdf (webtiles) character file.

Game seed: 15092092313670634698

79 drugrobin the Sneak (level 3, -3/30 HPs)
             Began as a Demigod Delver on Aug 25, 2023.
             Slain by a gnoll
             ... wielding a +0 flail
              (9 damage)
             ... on level 3 of the Dungeon.
             The game lasted 00:07:35 (2510 turns).

drugrobin the Sneak (Demigod Delver)                Turns: 2510, Time: 00:07:36

Health: -3/30      AC:  9    Str: 17    XL:     3   Next: 97%
Magic:  5/5        EV:  8    Int: 12    God:
Gold:   64         SH:  0    Dex: 15    Spells: 2/2 levels left

rFire   . . .        a - +0 mace
rCold   . . .        (no shield)
rNeg    . . .        t - +0 chain mail
rPois   .            d - +0 helmet
rElec   .            (no cloak)
rCorr   .            (no gloves)
SInv    .            (no boots)
Will    .....        (no amulet) Stlth
                     (no ring)
HPRegen 0.25/turn    (no ring)
MPRegen 0.09/turn

%: no passive effects
@: no status effects
A: high MP 1, forlorn, divine attributes
a: no special abilities


You were on level 3 of the Dungeon.
You visited 1 branch of the dungeon, and saw 5 of its levels.

You collected 134 gold pieces.
You spent 70 gold pieces at shops.

Inventory:

Hand Weapons
 a - a +0 mace (weapon)
Missiles
 o - a poisoned dart
Armour
 b - a +0 leather armour
 d - a +0 helmet (worn)
 t - a +0 chain mail (worn)
Magical Staves
 l - a staff of death
Wands
 g - a wand of digging (3)
Scrolls
 c - 2 scrolls of fog
 h - a scroll of vulnerability {unknown}
 k - a scroll of identify {unknown}
 m - a scroll of brand weapon {unknown}
 p - a scroll of enchant armour {unknown}
 r - a scroll of revelation
 u - a scroll of poison {unknown}
Potions
 f - a potion of haste
 i - 3 potions of curing {unknown}
 j - 2 potions of brilliance {unknown}
 n - a potion of enlightenment {unknown}
 q - a potion of mutation {unknown}
 s - a potion of berserk rage


   Skills:
 - Level 2.6 Fighting
 + Level 4.1 Maces & Flails
 - Level 1.7 Dodging
 - Level 4.5 Stealth


You had 2 spell levels left.
You didn't know any spells.
Your spell library contained the following spells:

 Spells                   Type           Power      Damage    Failure   Level
 Ozocubu's Armour         Ice            0%         N/A       100%        3
 Metabolic Englaciation   Hex/Ice        0%         N/A       100%        5
 Simulacrum               Ice/Necr       0%         N/A       100%        6


Dungeon Overview and Level Annotations

Branches:
Dungeon (5/15)
 Temple: D:4-7

Shops:
D:2 !

Annotations:
D:3 3 runed translucent doors, exclusions: orc and orc wizard, TelosKarma's ghost, weakling GnHW
D:4 exclusion: 2 orcs
D:5 3 runed translucent doors, elongatedgoose's ghost, amateur FeSh


Innate Abilities, Weirdness & Mutations

You have an increased reservoir of magic. (+10% MP)
You shall have no god before yourself.
Your divine heritage dramatically boosts your attributes as you level up.


Message History

The poisoned dart barely misses the gnoll.
Unknown command.
Throw: 6 darts (poison)
Press: ? - help, Shift-Dir - straight line, f/p - gnoll
Aim: a gnoll, wielding a +0 flail (severely wounded, fleeing, 60% to hit)
You throw a poisoned dart.
The poisoned dart closely misses the gnoll.
Unknown command.
Throw: 5 darts (poison)
Press: ? - help, Shift-Dir - straight line, f/p - gnoll
Aim: a gnoll, wielding a +0 flail (severely wounded, fleeing, 60% to hit)
You throw a poisoned dart. The poisoned dart hits the gnoll.
Your attack snaps the gnoll out of its fear.
The gnoll is severely wounded.
Throw: 4 darts (poison)
Press: ? - help, Shift-Dir - straight line, f/p - gnoll
Aim: a gnoll, wielding a +0 flail (severely wounded, 60% to hit)
You throw a poisoned dart.
The poisoned dart barely misses the gnoll.
Throw: 3 darts (poison)
Press: ? - help, Shift-Dir - straight line, f/p - gnoll
Aim: a gnoll, wielding a +0 flail (severely wounded, 60% to hit)
You throw a poisoned dart.
The poisoned dart barely misses the gnoll.
Unknown command.
You see here a +0 spear.
Throw: 2 darts (poison)
Press: ? - help, Shift-Dir - straight line, f/p - gnoll
Aim: a gnoll, wielding a +0 flail (severely wounded, 60% to hit)
You throw a poisoned dart. The poisoned dart hits the gnoll.
The gnoll is severely wounded.
Unknown command.
The gnoll attacks as it pursues you! The gnoll hits you with a +0 flail.
* * * LOW HITPOINT WARNING * * *
Press: ? - help, v - describe, . - travel
Here: a gnoll, wielding a +0 flail (severely wounded)
The floor.
Unknown command.
The gnoll attacks as it pursues you! The gnoll hits you with a +0 flail!
You die...

#.# #.# #.#
#.# ###.# ###
##.#.######.##
#............#
###
##.#g######.##
).## #..@.##
#.# ...##
#.....# #.#
.K#.# #....##
#.# .#K⌠#
#.#.##
#.########
KK#K####
...#.#
#....)(..#
KKK##..#
#####.#
########.#
++##.#.###
##'## #†#
.......).#
##...## #g#
.#.#.#.#.#
##.....## #.#


You could see a gnoll.

Vanquished Creatures
  3 adders
  A worm (D:2)
  A dart slug (D:4)
  An orc (D:4)
  4 ball pythons
  3 endoplasms
  3 giant cockroaches
  4 goblins
  6 hobgoblins
  6 kobolds
  2 quokkas (D:2)
  4 bats
  6 rats (D:2)
44 creatures vanquished.

Notes
Turn   | Place    | Note
-------+----------+-------------------------------------------
     0 | D:5      | drugrobin the Demigod Delver began the quest for the Orb.
     0 | D:5      | Reached XP level 1. HP: 18/18 MP: 3/3
     4 | D:5      | Found a runed translucent gate.
    11 | D:5      | Found a runed translucent gate.
    12 | D:5      | Found a runed translucent gate.
    13 | D:5      | Noticed elongatedgoose's ghost (amateur FeSh)
   186 | D:4      | Noticed an iguana
   200 | D:4      | Reached XP level 2. HP: 15/25 MP: 4/4
  1505 | D:2      | Reached XP level 3. HP: 30/30 MP: 5/5
  1664 | D:2      | Found Hesuim's Distillery.
  1700 | D:2      | Bought a potion of berserk rage for 70 gold pieces
  2218 | D:3      | Found a runed translucent gate.
  2218 | D:3      | Noticed a kobold brigand
  2220 | D:3      | Found a runed translucent gate.
  2222 | D:3      | Noticed TelosKarma's ghost (weakling GnHW)
  2396 | D:3      | Found a runed translucent gate.
  2510 | D:3      | Slain by a gnoll

Illustrated notes

Levels and vault maps discovered:
D:1:      elethiomel_arrival_infinity_welcomes_careful_drivers,
          layout_loops_ring
D:2:      layout_loops_ring, serial_shops, shop, nicolae_underground_beach
D:3:      layout_loops_corners, gammafunk_ghost_nasty_kobolds, nrook_uturn,
          kennysheep_generic_room_11, uniq_grinder
D:4:      cheibrodos_quashed, layout_cave_pools, uniq_robin
D:5:      layout_basic, temple_hall, serial_shops, shop_fountains,
          nicolae_shop_overgrown_old_shop, gammafunk_ghost_split

Skill      XL: |  1  2  3 |
---------------+----------+-----
Maces & Flails | 2 3 4 |  4.1
Fighting       | |  2.6
Dodging        | |  1.7
Stealth        | |  4.5

Action                     || total
---------------------------++-------
  Melee: Mace              ||   153
  Throw: Dart              ||     8
    Use: Scroll            ||     2
   Stab: Sleeping          ||     9
 Armour: Ring mail         ||    35
         Leather armour    ||     8
         Chain mail        ||    15
  Dodge: Dodged            ||    69

Table legend: (Time is in decaauts)
 A = Elapsed time spent in this place.
 B = Non-inter-level travel time spent in this place.
 C = Inter-level travel time spent in this place.
 D = Time resting spent in this place.
 E = Time spent auto-exploring this place.
 F = Levels seen in this place.
 G = Mean time per level.
                   A        B        C        D        E       F      G
               +--------+--------+--------+--------+--------+-----+--------+
         Total |   2547 |   2438 |    109 |    145 |   1449 |   5 |  509.4 |
       Dungeon |   2547 |   2438 |    109 |    145 |   1449 |   5 |  509.4 |
               +--------+--------+--------+--------+--------+-----+--------+

Top non-repeatable levels by time:
     D:2: 958 daAuts
     D:1: 804 daAuts
     D:3: 578 daAuts
     D:4: 159 daAuts
     D:5: 48 daAuts
